 Dungeon Crawl Stone Soup version 0.31.0-9-g3a7656b989 (console) character file.

Game seed: 14621522750216505739

6941 AlterAsc the Severer (level 11, -4/75 HPs)
             Began as a Formicid Fighter on Jan 27, 2024.
             Was an Elder of Okawaru.
             Slain by a two-headed ogre
             ... wielding a +0 giant spiked club
              (18 damage)
             ... on level 10 of the Dungeon.
             The game lasted 00:25:23 (11192 turns).

AlterAsc the Severer (Formicid Fighter)            Turns: 11192, Time: 00:25:23

Health: -4/75      AC: 21    Str: 24    XL:     11   Next: 28%
Magic:  11/13      EV:  8    Int:  9    God:    Okawaru [****..]
Gold:   1358       SH: 11    Dex: 13    Spells: 10/10 levels left

rFire   + . .        T - +0 battleaxe
rCold   + . .        c - +0 buckler
rNeg    . . .        F - +0 plate armour
rPois   .            (helmet unavailable)
rElec   .            e - +2 cloak {Will+}
rCorr   .            G - +0 pair of gloves
SInv    +            R - +2 pair of boots {Fly}
Will    ++...        m - amulet of reflection Stlth
                     J - ring of protection from cold
HPRegen 0.32/turn    P - ring of protection from fire
MPRegen 0.13/turn

%: reflection
@: heroic, flying
A: permanent stasis, dig shafts and tunnels, antennae 3, four strong arms
a: Dig, Shaft Self, Renounce Religion, Heroism, Finesse


You were on level 10 of the Dungeon.
You worshipped Okawaru.
Okawaru was greatly pleased with you.
You visited 2 branches of the dungeon, and saw 12 of its levels.
You also visited: Ossuary and Bailey.

You collected 1358 gold pieces.

Inventory:

Hand Weapons
 a - a +0 war axe
 g - a +4 dagger of venom
 O - a +2 trident of freezing
 T - a +0 battleaxe (weapon)
Missiles
 d - 32 boomerangs
 L - 3 curare-tipped darts
 S - 3 poisoned darts (quivered)
Armour
 c - a +0 buckler (worn)
 e - a +2 cloak of willpower (worn)
 j - a +1 scale mail of cold resistance
 C - a +0 tower shield
 F - a +0 plate armour (worn)
 G - a +0 pair of gloves (worn)
 R - a +2 pair of boots of flying (worn)
Jewellery
 m - an amulet of reflection (around neck)
 q - an amulet of guardian spirit
 J - a ring of protection from cold (left hand)
 P - a ring of protection from fire (right hand)
Wands
 n - a wand of flame (31)
 r - a wand of acid (9)
 I - a wand of digging (7)
 U - a wand of mindburst (3)
 W - a wand of iceblast (6)
Scrolls
 b - 3 scrolls of vulnerability
 f - 2 scrolls of fog
 h - 3 scrolls of amnesia
 l - 5 scrolls of teleportation
 t - 3 scrolls of poison
 w - a scroll of brand weapon
 x - 2 scrolls of summoning
 y - a scroll of fear
 A - 4 scrolls of noise
 D - 2 scrolls of acquirement {unknown}
 E - a scroll of enchant armour
 K - 2 scrolls of enchant weapon {unknown}
 V - a scroll of immolation {unknown}
Potions
 i - a potion of cancellation {unknown}
 k - 5 potions of enlightenment
 o - 2 potions of lignification {unknown}
 p - a potion of heal wounds
 s - 5 potions of curing {unknown}
 u - 2 potions of berserk rage {unknown}
 v - 2 potions of haste {unknown}
 z - 2 potions of invisibility {unknown}
 B - a potion of resistance {unknown}
 H - a potion of magic {unknown}
 M - 3 potions of mutation {unknown}
 Q - a potion of ambrosia {unknown}
Miscellaneous
 N - a phantom mirror


   Skills:
 - Level 3.2(8.2) Fighting
 + Level 16.2(21.2) Axes
 - Level 3.2(8.2) Armour
 - Level 4.0(9.0) Shields
 - Level 3.0 Invocations


You had 10 spell levels left.
You didn't know any spells.
Your spell library contained the following spells:

 Spells                   Type           Power      Damage    Failure   Level
 Mercury Vapours          Alch/Air       0%         N/A       100%        2
 Fugue of the Fallen      Necr           0%         N/A       100%        3
 Mephitic Cloud           Conj/Alch/Air  0%         N/A       100%        3
 Ozocubu's Armour         Ice            0%         N/A       100%        3
 Manifold Assault         Tloc           0%         N/A       100%        4
 Freezing Cloud           Conj/Ice/Air   0%         6-21      100%        5


Dungeon Overview and Level Annotations

Branches:
Dungeon (11/15)            Temple (1/1) D:4            Lair (0/5) D:9
Ossuary (visited)          Bailey (visited)
    Orc: D:9-12

Altars:
Cheibriados
Dithmenos
Elyvilon
Fedhas
Gozag
Hepliaklqana
Kikubaaqudgha
Makhleb
Nemelex Xobeh
Okawaru
Qazlal
Ru
Sif Muna
Trog
Uskayaw
Vehumet
Wu Jian
Xom
Yredelemnul
Zin
The Shining One

Shops:
D:5 :

Annotations:
D:10 Harold


Innate Abilities, Weirdness & Mutations

You cannot be hasted, slowed, berserked, paralysed or teleported.
You can dig through walls and to a lower floor.
You have a pair of large antennae on your head. (SInv)
Your four strong arms can wield two-handed weapons with a shield.


Message History

The acid dragon bites you but does no damage.
The acid dragon claws you.
You hit the two-headed ogre.
The two-headed ogre is moderately wounded.
You slash the acid dragon! The acid dragon closely misses you.
The acid dragon barely misses you.
You slash the two-headed ogre!
The two-headed ogre is heavily wounded.
You hit the acid dragon.
The two-headed ogre hits you with a +0 giant spiked club!
The two-headed ogre hits you with a +0 giant club.
You hit the two-headed ogre.
The two-headed ogre is severely wounded.
You hit the acid dragon but do no damage.
The acid dragon bites you but does no damage.
The acid dragon barely misses you.
You hit the two-headed ogre.
The two-headed ogre is severely wounded.
You barely miss the acid dragon. The two-headed ogre barely misses you.
You block the two-headed ogre's attack. The acid dragon spits acid at you.
The splash of acid hits you.
You hear a bellow! x3
You slash the two-headed ogre!
The two-headed ogre is almost dead.
You barely miss the acid dragon.
You hit the two-headed ogre but do no damage.
The two-headed ogre is almost dead.
You closely miss the acid dragon. The acid dragon closely misses you.
The acid dragon claws you but does no damage.
The two-headed ogre hits you but does no damage.
The two-headed ogre hits you with a +0 giant club!
* * * LOW HITPOINT WARNING * * *
You hit the two-headed ogre but do no damage.
The two-headed ogre is almost dead.
You barely miss the acid dragon. The acid dragon misses you.
The acid dragon claws you but does no damage.
You hit the two-headed ogre but do no damage.
The two-headed ogre is almost dead.
You barely miss the acid dragon.
The two-headed ogre hits you with a +0 giant spiked club!!
You die...

...##.#.............#..........
.................####..........
##....#.#........# ###........
#.####.#........# #........ #..
.......##### #........
#######....############........
......#.................##+####
......##...####............######
......##...# #..........##.......
...........# #.O.............$...
###...##...# #..@........#(......
###..####### #.##D#......#.......
........... .. ...#.#..#.#..(....
......###.........#.#.##.#.......
........#.........#.#.##.##......
......#.#.........#.#.##.# ....(.
......#.#. .D.....#.#.##.# #....#
......#.# .......#.#.##.#
#######.# #######.# ......#.#


You could see a two-headed ogre and an acid dragon (catching breath).

Vanquished Creatures
  A two-headed ogre (D:9)
  An unseen horror (D:8)
  A troll (D:9)
  A hornet (D:7)
  A wyvern (D:9)
  6 yaks (D:9)
  A basilisk (D:10)
  A steam dragon (D:8)
  An acid dragon (D:6)
  A water moccasin (D:6)
  9 orc warriors
  3 ice beasts
  3 sky beasts
  2 black bears
  3 centaurs
  3 kobold brigands
  6 bullfrogs
  A gnoll sergeant (D:7)
  3 scorpions
  3 wights (D:8)
  2 burial acolytes (Ossuary)
  7 killer bees
  A howler monkey (D:7)
  2 electric eels (D:7)
  3 hounds (D:6)
  2 human zombies (Ossuary)
  3 jellies
  3 orc priests
  2 iguanas
  A sleepcap (D:7)
  Terence (D:2)
  4 orc wizards
  5 mummies (Ossuary)
  11 gnolls
  2 adders
  2 white imps
  2 ufetubi (D:6)
  A dart slug (D:2)
  4 ribbon worms
  33 orcs
  7 endoplasms
  A giant cockroach (D:3)
  3 gnoll zombies (Ossuary)
  12 goblins
  10 hobgoblins
  5 jackals
  24 kobolds
  8 quokkas
  10 ball pythons
  6 bats
  3 frilled lizards
  2 kobold zombies (Ossuary)
  An orc zombie (Ossuary)
  4 rats
238 creatures vanquished.

Vanquished Creatures (others)
  A kobold brigand (D:7)
1 creature vanquished.

Grand Total: 239 creatures vanquished

Notes
Turn   | Place    | Note
-------+----------+-------------------------------------------
     0 | D:1      | AlterAsc the Formicid Fighter began the quest for the Orb.
     0 | D:1      | Reached XP level 1. HP: 18/18 MP: 1/1
   116 | D:1      | Reached XP level 2. HP: 22/24 MP: 2/2
   196 | D:1      | Reached skill level 3 in Axes
   336 | D:1      | Reached XP level 3. HP: 29/29 MP: 3/3
   658 | D:2      | Noticed Terence
   672 | D:2      | Killed Terence
   673 | D:2      | Reached skill level 4 in Axes
   673 | D:2      | Reached XP level 4. HP: 17/35 MP: 4/4
  1218 | D:2      | Found an ornate altar of the Wu Jian Council.
  1396 | D:3      | Reached XP level 5. HP: 20/41 MP: 5/5
  1565 | D:3      | Found a faded altar of an unknown god.
  1571 | D:3      | Found an ornate altar of the Wu Jian Council.
  1642 | D:3      | Reached skill level 5 in Axes
  1843 | D:3      | Found a sacrificial altar of Ru.
  1919 | D:3      | Found a white marble altar of Elyvilon.
  2177 | D:3      | Found an ancient bone altar of Kikubaaqudgha.
  2442 | D:4      | Found a sand-covered staircase.
  2455 | Ossuary  | Entered an ossuary
  2478 | Ossuary  | Reached skill level 6 in Axes
  2478 | Ossuary  | Reached XP level 6. HP: 43/47 MP: 6/6
  2656 | Ossuary  | Reached skill level 7 in Axes
  2656 | Ossuary  | Reached XP level 7. HP: 30/52 MP: 7/7
  3392 | D:4      | Found a staircase to the Ecumenical Temple.
  3540 | Temple   | Entered the Ecumenical Temple
  3545 | Temple   | Became a worshipper of Warmaster Okawaru
  3907 | D:5      | Entered Level 5 of the Dungeon
  4074 | D:5      | Reached skill level 1 in Invocations
  4112 | D:5      | Found Peonyr's Book Emporium.
  4172 | D:5      | You fall into a shaft and drop 1 floor!
  4347 | D:6      | Noticed an acid dragon
  4460 | D:6      | Killed an acid dragon
  4461 | D:6      | Reached skill level 8 in Axes
  4461 | D:6      | Reached XP level 8. HP: 45/58 MP: 10/10
  4493 | D:6      | Reached * piety under Okawaru
  4557 | D:5      | Reached skill level 9 in Axes
  5139 | D:6      | Reached skill level 10 in Axes
  5244 | D:6      | Reached ** piety under Okawaru
  5245 | D:6      | Reached XP level 9. HP: 15/64 MP: 11/11
  5511 | D:6      | Found a snail-covered altar of Cheibriados.
  5857 | D:6      | Reached skill level 11 in Axes
  6273 | D:6      | Found a snail-covered altar of Cheibriados.
  7095 | D:7      | Noticed a hornet
  7109 | D:7      | Killed a hornet
  7110 | D:7      | Reached skill level 12 in Axes
  7327 | D:7      | Reached XP level 10. HP: 50/70 MP: 9/12
  7331 | D:7      | Reached skill level 13 in Axes
  7459 | D:7      | Reached *** piety under Okawaru
  8374 | D:8      | Reached skill level 14 in Axes
  8448 | D:8      | Noticed an unseen horror
  8631 | D:8      | Found a flagged portal.
  8660 | D:8      | Killed an unseen horror
  8663 | Bailey   | Entered a bailey
  9389 | D:8      | Reached **** piety under Okawaru
 10043 | D:9      | Reached skill level 15 in Axes
 10068 | D:9      | Found a glowing golden altar of the Shining One.
 10093 | D:9      | Noticed a two-headed ogre
 10098 | D:9      | Killed a two-headed ogre
 10099 | D:9      | Reached XP level 11. HP: 68/75 MP: 13/13
 10383 | D:9      | Found a staircase to the Lair.
 10408 | D:9      | Reached ***** piety under Okawaru
 10409 | D:9      | Reached skill level 16 in Axes
 10539 | D:9      | Identified the +2 robe "Vashrauc" {Int+3}
 10743 | D:10     | Entered Level 10 of the Dungeon
 10743 | D:10     | Noticed Harold
 10940 | D:10     | Noticed a two-headed ogre
 11192 | D:10     | Slain by a two-headed ogre

Illustrated notes

Levels and vault maps discovered:
D:1:      grunt_arrival_crossed_arrows, layout_loops_cross, moated_statue
D:2:      layout_loops_ring, basic_altar, uniq_terence
D:3:      layout_loops_cross, mainiacjoe_overflow_concentric_impassable,
          mainiacjoe_overflow_six_doors_small, mainiacjoe_overflow_tiny_flanked,
          marbit_many_paths, shapermc_ecumenical_altar_flowoftime
D:4:      layout_basic, temple_statues, enter_ossuary_2,
          ebering_dispersal_statue_hall, minmay_misc_feat_four_crosses
D:5:      layout_rooms, serial_shops, shop
D:6:      layout_layer_cave, chei_slow_surprise, kennysheep_small_circle
D:7:      minmay_clustersquares, layout_basic, kennysheep_small_spiral
D:8:      layout_basic, enter_bailey_5, nicolae_benzene_ring, grunt_tough_drop
D:9:      layout_rooms, nicolae_overflow_crystal_walls, lair_entry_dummy,
          lightli_orcish_oven
D:10:     layout_basic, ashenzari_conservatory_becter, hellmonk_ghost_big_iron,
          minmay_misc_feat_diagonals, uniq_harold
D:11:     layout_roguey, hellmonk_ghost_happy_afterlife, billiards_dpeg,
          uniq_fannar
Temple:   minmay_freezing_vapour_temple

Skill      XL: |  1  2  3  4  5  6  7  8  9 10 11 |
---------------+----------------------------------+-----
Axes           | 3 4 6 7 8 10 12 15 16 | 16.2
Invocations    | 3 |  3.0
Fighting       | |  3.2
Armour         | |  3.2
Shields        | |  4.0

Action                     |  1- 3 |  4- 6 |  7- 9 | 10-12 || total
---------------------------+-------+-------+-------+-------++-------
  Melee: War axe           |    74 |   130 |   319 |   248 ||   771
         Battleaxe         |       |       |       |   113 ||   113
  Throw: Dart              |       |       |       |     5 ||     5
 Invoke: Heroism           |       |       |     1 |     3 ||     4
Ability: Dig               |     1 |       |       |     2 ||     3
         Shaft Self        |       |       |     1 |       ||     1
    Use: Potion            |       |     1 |     4 |     1 ||     6
         Scroll            |       |       |     7 |     7 ||    14
 Armour: Scale mail        |    53 |    91 |    21 |       ||   165
         Plate armour      |       |       |   229 |   237 ||   466
  Dodge: Dodged            |    41 |    54 |    85 |    63 ||   243
  Block: Buckler           |    17 |    51 |   183 |   161 ||   412
         Reflection        |       |       |     1 |    12 ||    13
